 Dungeon Crawl Stone Soup version 0.29.1-13-g9f3cf754e1 (webtiles) character file.

Game seed: 12470896558417638023

377 Descartes the Ducker (level 6, -7/34 HPs)
             Began as a Deep Elf Wanderer on Feb 10, 2023.
             Killed by divine providence
             ... invoked by an orc priest
              (11 damage)
             ... on level 4 of the Dungeon.
             The game lasted 00:11:14 (3825 turns).

Descartes the Ducker (Deep Elf Wanderer)            Turns: 3825, Time: 00:11:14

Health: -7/34      AC:  4    Str:  7    XL:     6   Next: 45%
Magic:  8/15       EV: 15    Int: 19    God:
Gold:   152        SH:  0    Dex: 16    Spells: 14/15 levels left

rFire   . . .      SeeInvis .   h - +1 dagger (venom)
rCold   . . .      Faith    .   (no shield)
rNeg    . . .      Spirit   .   c - +0 robe
rPois   .          Reflect  .   (no helmet)
rElec   .          Harm     .   (no cloak)
rCorr   .          Rampage  .   n - +0 pair of gloves
Will    .....                   d - +0 pair of boots
Stlth   +.........              (no amulet)
HPRegen 0.11/turn               (no ring)
MPRegen 0.14/turn               (no ring)

@: no status effects
A: no striking features
a: no special abilities


You were on level 4 of the Dungeon.
You visited 1 branch of the dungeon, and saw 4 of its levels.

You collected 152 gold pieces.

Inventory:

Hand Weapons
 h - a +1 dagger of venom (weapon)
Missiles
 l - 5 poisoned darts (quivered)
Armour
 c - a +0 robe (worn)
 d - a +0 pair of boots (worn)
 n - a +0 pair of gloves (worn)
 q - a +0 buckler
Jewellery
 f - a ring of fire
Wands
 o - a wand of flame (15)
Scrolls
 a - a scroll of brand weapon {unknown}
 b - 3 scrolls of teleportation
 e - 4 scrolls of identify {unknown}
 i - 2 scrolls of enchant armour {unknown}
 j - a scroll of vulnerability {unknown}
 m - a scroll of blinking {unknown}
 p - 2 scrolls of amnesia {unknown}
 r - a scroll of noise {unknown}
 s - a scroll of summoning {unknown}
 t - a scroll of immolation {unknown}
 u - a scroll of magic mapping {unknown}
Potions
 g - a potion of might
 k - a potion of experience {unknown}


   Skills:
 - Level 1.0 Fighting
 - Level 6.7 Dodging
 + Level 0.1 Shields
 - Level 5.0 Spellcasting
 - Level 2.4 Necromancy
 + Level 4.7 Earth Magic


You had 14 spell levels left.
You knew the following spells:

 Your Spells              Type           Power      Damage    Failure   Level
a - Sandblast             Erth           44%        2d11      1%          1

Your spell library contained the following spells:

 Spells                   Type           Power      Damage    Failure   Level
 Necrotise                Necr           52%        1d6       4%          1
 Passwall                 Tmut/Erth      10%        N/A       7%          2
 Apportation              Tloc           8%         N/A       12%         1
 Stone Arrow              Conj/Erth      26%        3d8       14%         3
 Vampiric Draining        Necr           13%        2d6       14%         3
 Dazzling Flash           Conj/Hex       8%         N/A       36%         3
 Summon Lightning Spire   Summ/Air       4%         N/A       77%         4
 Agony                    Necr           13%        N/A       77%         5
 Silence                  Hex/Air        2%         N/A       98%         5
 Storm Form               Tmut/Air       2%         N/A       100%        7
 Maxwell's Capacitive Co  Air            2%         ∞         100%        8


Dungeon Overview and Level Annotations

Branches:
Dungeon (4/15)
 Temple: D:4-7

Altars:
Cheibriados

Shops:
D:1 [


Message History

Casting: Sandblast (safe; 1% risk of failure)
Confirm with . or Enter, or press ? or * to list all spells.
Aiming: Sandblast (safe; 1% risk of failure)
Press: ? - help, Shift-Dir - straight line, f - orc priest
Aim: an orc priest, wielding a +0 hand axe (83% to hit)
The blast of sand hits something.
Something hits you but does no damage.
Casting: Sandblast (safe; 1% risk of failure)
Confirm with . or Enter, or press ? or * to list all spells.
Aiming: Sandblast (safe; 1% risk of failure)
Press: ? - help, Shift-Dir - straight line, f/p - orc priest
Aim: an orc priest, wielding a +0 hand axe (83% to hit)
The blast of sand hits the orc priest!
The orc priest is severely wounded.
Something hits you.
The orc priest calls down the wrath of Beogh upon you.
Beogh smites you! Something closely misses you.
The orc priest calls down the wrath of Beogh upon you.
Casting: Sandblast (safe; 1% risk of failure)
Confirm with . or Enter, or press ? or * to list all spells.
Aiming: Sandblast (safe; 1% risk of failure)
Press: ? - help, Shift-Dir - straight line, f/p - orc priest
Aim: an orc priest, wielding a +0 hand axe (severely wounded, 83% to hit)
The blast of sand hits something but does no damage.
You hear some strange, mumbled words.
A magic dart appears from out of thin air!
The magic dart hits you!
* * * LOW HITPOINT WARNING * * *
Something hits you.
* * * LOW HITPOINT WARNING * * *
Casting: Sandblast (safe; 1% risk of failure)
Confirm with . or Enter, or press ? or * to list all spells.
Aiming: Sandblast (safe; 1% risk of failure)
Press: ? - help, Shift-Dir - straight line, f/p - orc priest
Aim: an orc priest, wielding a +0 hand axe (severely wounded, 83% to hit)
The blast of sand hits something!
Reactivating autopickup.
You feel a bit more experienced.
The orc priest mumbles some strange prayers to Beogh against you.
Beogh smites you!
You die...

...........###.#####.#.##......#
########.#......... ..##......#
#.#.####.### ####......#
#.#.......### #......#
#.######..#.. #......#
#.........#.# #......#
########.##.# #......#
#........##.# #.#######
#.#####.)@..# #........ #
#.#####.##..######........
.....#.#.).o.##................
.....#.#.#######.#..####.......
...))o....# #.#..# ########
..........# ####.##.#
.###......# #.......#######
###......# #.......#.._..#
#........####.....##.....#####


You could see an orc priest.

Vanquished Creatures
  A scorpion (D:4)
  An iron imp (D:4)
  Terence (D:1)
  An orc wizard (D:4)
  Natasha (thrice) (D:3)
  6 gnolls (D:2)
  6 adders
  A worm (D:2)
  2 dart slugs (D:2)
  4 orcs
  6 ball pythons
  5 bats
  9 endoplasms
  3 giant cockroaches
  8 goblins
  3 hobgoblins
  3 jackals
  3 kobolds
  3 quokkas
  6 frilled lizards
  5 rats
80 creatures vanquished.

Vanquished Creatures (others)
  A fungus (D:2)
1 creature vanquished.

Grand Total: 81 creatures vanquished

Notes
Turn   | Place    | Note
-------+----------+-------------------------------------------
     0 | D:1      | Descartes the Deep Elf Wanderer began the quest for the
                  | Orb.
     0 | D:1      | Descartes set off with the following items: a +0 dagger, a
                  | scroll of teleportation, a +0 robe, a +0 pair of boots; and
                  | the following spells available to memorise: Necrotise,
                  | Sandblast, Passwall, Vampiric Draining, Stone Arrow.
     0 | D:1      | Reached XP level 1. HP: 12/12 MP: 5/5
    11 | D:1      | Learned a level 1 spell: Sandblast
   383 | D:1      | Found Doreqil's Armour Shoppe.
   399 | D:1      | Reached skill level 5 in Dodging
   434 | D:1      | Reached XP level 2. HP: 16/16 MP: 4/7
   524 | D:1      | You fall into a shaft and drop 1 floor!
   601 | D:2      | Noticed Terence
   638 | D:1      | Killed Terence
   639 | D:1      | Reached XP level 3. HP: 5/20 MP: 7/9
  1539 | D:2      | Reached XP level 4. HP: 25/25 MP: 7/10
  2088 | D:2      | Found a faded altar of an unknown god.
  2094 | D:2      | Got Plato's Compilation of Transposition
  2148 | D:2      | Reached XP level 5. HP: 29/29 MP: 9/12
  2152 | D:2      | Reached skill level 6 in Dodging
  2767 | D:3      | Noticed Natasha
  2783 | D:3      | Killed Natasha
  2937 | D:3      | Noticed Natasha
  2941 | D:3      | Killed Natasha
  3087 | D:3      | Noticed Natasha
  3142 | D:3      | Killed Natasha
  3189 | D:3      | Reached XP level 6. HP: 34/34 MP: 13/15
  3545 | D:4      | Reached skill level 5 in Spellcasting
  3600 | D:4      | Found a snail-covered altar of Cheibriados.
  3825 | D:4      | Killed from afar by an orc priest

Illustrated notes

Levels and vault maps discovered:
D:1:      psy_arrival_spokes, layout_loops_ring, serial_forest,
          infiniplex_forest_lined_corner, infiniplex_forest_lined_2,
          infiniplex_forest_straight_2, infiniplex_forest_lined_corner,
          infiniplex_forest_end_1, infiniplex_forest_zigzag_1,
          infiniplex_forest_straight_5, infiniplex_forest_zigzag_2,
          serial_shops, shop
D:2:      layout_basic, shapermc_ecumenical_altar_rom_forum, uniq_terence
D:3:      layout_basic, interstate_on_off, uniq_natasha
D:4:      layout_basic, slow_altar_2

Skill      XL: |  1  2  3  4  5  6 |
---------------+-------------------+-----
Dodging        | 5 6 |  6.7
Spellcasting   | 2 3 4 5 |  5.0
Earth Magic    | 3 4 |  4.7
Fighting       | |  1.0
Shields        | |  0.1
Necromancy     | |  2.4

Action                   |  1- 3 |  4- 6 || total
-------------------------+-------+-------++-------
Melee: Dagger            |     9 |       ||     9
 Cast: Sandblast         |    40 |    97 ||   137
  Use: Potion            |     4 |       ||     4
Armor: Robe              |     5 |    10 ||    15
Dodge: Dodged            |    32 |    45 ||    77
